 Dungeon Crawl Stone Soup version 0.13.1-28-g3517093 (console) character file.

72854 WrathOfTrog the Executioner (level 15, -11/135 (136) HPs)
             Began as a Hill Orc Berserker on Mar 16, 2014.
             Was a High Priest of Trog.
             Mangled by an emperor scorpion (14 damage)
             ... on Level 5 of the Spider Nest.
             The game lasted 01:46:22 (8581 turns).

WrathOfTrog the Executioner (Hill Orc Berserker)    Turns: 8581, Time: 01:46:22

HP -11/135 (136) AC 35     Str 22      XL: 15   Next: 36%
MP   1/4         EV  7     Int  7      God: Trog [*****.]
Gold 1360        SH  0     Dex 15      Spells:  0 memorised, 14 levels left

Res.Fire  : . . .   See Invis. : +   G - +0,+7 dwarf executioner's axe (antimagic)
Res.Cold  : . . .   Warding    : .   F - +1 orc plate armour
Life Prot.: . . .   Conserve   : .   (no shield)
Res.Poison: +       Res.Corr.  : .   n - +2 helmet {SInv}
Res.Elec. : .       Clarity    : +   J - +0 elf cloak
Sust.Abil.: . .     Spirit.Shd : .   W - +0 pair of dwarf gloves
Res.Mut.  : .       Stasis     : .   K - +0 pair of boots
Res.Rott. : .       Flight     : .   V - amulet of Klinnoem {Clar MR++}
Saprovore : + . .                    I - ring of poison resistance
                                     f - ring of Robustness {AC+8}

@: regenerating, about to teleport, exhausted, quite poisoned, slowed, very
slow, incredibly resistant to hostile enchantments, extremely unstealthy
A: saprovore 1
a: Burn Spellbooks, Berserk, Trog's Hand, Brothers in Arms, Renounce Religion


You were on level 5 of the Spider Nest.
You worshipped Trog.
Trog was extremely pleased with you.
You were near starving.

You visited 5 branches of the dungeon, and saw 27 of its levels.

You collected 1854 gold pieces.
You spent 514 gold pieces at shops.

Inventory:

Hand weapons
 G - a +0,+7 dwarven anti-magic executioner's axe (weapon)
 N - a +0,+6 orcish broad axe of flaming
Armour
 a - a +2 helmet
 n - a +2 helmet of see invisible (worn)
 F - a +1 orcish plate armour (worn)
 H - a +0 steam dragon hide
 J - a +0 elven cloak (worn)
 K - a +0 pair of boots (worn)
 W - a +0 pair of dwarven gloves (worn)
Magical devices
 k - a wand of polymorph (14)
 s - a wand of paralysis (4)
 A - a wand of hasting (0)
 Y - a wand of digging (7)
Comestibles
 c - 5 meat rations
 v - 14 bread rations
 z - 2 chunks of worm flesh
 L - an apple
Scrolls
 b - 2 scrolls of teleportation
 e - 2 scrolls of recharging {unknown}
 j - 6 scrolls of remove curse {unknown}
 l - a scroll of noise {unknown}
 p - a scroll of enchant armour {unknown}
 q - a scroll of blinking {unknown}
 r - 4 scrolls of magic mapping
 y - a scroll of enchant weapon II {unknown}
 C - 2 scrolls of holy word {unknown}
 D - 3 scrolls of fog
Jewellery
 f - the ring of Robustness (left hand) {AC+8}
   (You found it on level 3 of the Spider Nest)

   [ring of protection]

   It affects your AC (+8).
 m - an uncursed ring of flight
 u - a +6 ring of evasion
 w - an uncursed amulet of conservation
 B - an uncursed ring of protection from cold {unknown}
 I - a ring of poison resistance (right hand)
 V - the amulet of Klinnoem (around neck) {Clar MR++}
   (You found it on level 5 of the Lair of Beasts)

   [amulet of clarity]

   It affects your resistance to hostile enchantments.
Potions
 d - 9 potions of curing
 g - 4 potions of poison {unknown}
 h - a potion of heal wounds
 i - a potion of speed
 o - 2 potions of invisibility {unknown}
 t - 2 potions of flight {unknown}
 x - 2 potions of agility {unknown}
 E - a potion of restore abilities
 R - a potion of berserk rage {unknown}
Miscellaneous
 M - a plain deck of changes


   Skills:
 + Level 15.5 Fighting
 * Level 22.6 Axes
 + Level 14.2 Armour
 - Level 1.5 Dodging


You had 14 spell levels left.
You didn't know any spells.

Dungeon Overview and Level Annotations

Branches:
Dungeon (9/27)             Temple (0/1) D:5             Orc (4/4) D:8
    Elf (1/3) Orc:4          Lair (8/8) D:9          Spider (5/5) Lair:6
  Swamp: Lair:3-6    Shoals: Lair:3-6     Snake: Lair:3-6     Slime: Lair:6-8

Altars:
Fedhas
Makhleb
Sif Muna
Trog
Vehumet
Beogh

Shops:
D:8 +   D:9 +   Orc:3 *   Orc:4 ([*+

Portals:
Hell: Lair:8

Annotations:
D:4 Eustachio
Spider:1 exclusion: Roxanne, Roxanne


Innate Abilities, Weirdness & Mutations

You can tolerate rotten meat.


Message History

The trapdoor spider bites you but does no damage.
Read which item? (? for menu, Esc to quit)
As you read the scroll of teleportation, it crumbles to dust.
You feel strangely unstable.
* * * LOW HITPOINT WARNING * * *
You feel sick. The trapdoor spider bites you.
* * * LOW HITPOINT WARNING * * *
The trapdoor spider bites you but does no damage.
The emperor scorpion stings you.
* * * LOW HITPOINT WARNING * * *
The emperor scorpion claws you.
* * * LOW HITPOINT WARNING * * *
The emperor scorpion claws you but does no damage.
The emperor scorpion stings you.
* * * LOW HITPOINT WARNING * * *
You are more poisoned.
The emperor scorpion poisons you!
The emperor scorpion claws you but does no damage.
The emperor scorpion claws you!
You die...

≈..##*,,,,#(#.^####....##..^.....
#.≈# *,≈,##.#..≈##.≈≈.####.......
#..##*,,,#...≈≈.###^.## ##.^....
##.≈#*,,,#.....≈###..#* ###....
#..##*,,,#.....%^###≈.** #....
#..#**,,*#.≈≈..%s####..* #....
#..#*,,,#%≈≈≈.#sy≈# *..* #...^
≈.##*,,,*.≈s≈,##ss#**.≈# #....
≈.##**,,*.≈s≈,,#@.#*,.** #....
#..# *,,*,,≈≈,,#.≈#*,,** #....
#[.# *..#≈,≈≈,##..#**,≈* ##...
#..###..#,,≈≈,#^.##*,,,* *....
#..##...##,≈,,#..#**≈≈** *,,,,
#/.##...≈#,≈,##.##*≈,** *,,,,
#..###..≈#≈,,#.^#**≈,* *,,,,
##..##≈.≈##,≈#^.#*,,,* *,,,,
#..###..≈≈####.≈#*,,≈* *,,,,


You could see 2 emperor scorpions, a moth of wrath and 2 trapdoor spiders.

Vanquished Creatures
  Rupert (Spider:3)
  Agnes (Spider:3)
  Kirke (Spider:3)
  An orc warlord (Orc:4)
  3 ghost moths (Spider:5)
  2 emperor scorpions (Spider:5)
  Gastronok (D:9)
  A dire elephant (Lair:8)
  The ghost of teukkam the Fighter, a powerful DrAK of Lugonu (Lair:2)
  4 hydras
  Josephine (Spider:1)
  Nessos (Spider:2)
  Erica (Lair:3)
  The ghost of Paper the Cleaver, an experienced HOBe of Trog (Orc:2)
  The ghost of Paper the Cleaver, an experienced HOBe of Trog (Lair:4)
  The ghost of Messenger the Cleaver, an experienced HOBe of Trog (Orc:1)
  2 orc high priests (Orc:4)
  A sun demon (Lair:8)
  An ice devil (Orc:4)
  A wizard (Lair:8)
  Pikel (D:6)
  6 orc knights
  2 orc sorcerers (Orc:4)
  16 wolf spiders
  A griffon (Lair:6)
  A red wasp (Spider:4)
  2 spiny worms
  8 elephants
  5 spiny frogs
  An orange demon (Lair:8)
  An item mimic (Orc:2)
  A troll (Orc:3)
  A smoke demon (Lair:8)
  3 fire drakes (Lair:8)
  2 orb spiders
  7 hellwings (Lair:8)
  Grinder (D:3)
  5 demonic crawlers (Spider:5)
  6 komodo dragons
  A two-headed ogre (Orc:3)
  A red devil (Lair:8)
  10 jumping spiders
  2 basilisks (Lair:8)
  A grizzly bear (Lair:8)
  8 trapdoor spiders
  28 redbacks
  7 yaks
  11 tarantellas
  5 hippogriffs
  A wyvern (Lair:8)
  6 hogs (Spider:3)
  A steam dragon (Spider:4)
  A raven skeleton (Spider:1)
  A tarantella simulacrum (Spider:1)
  30 orc warriors
  3 porcupines
  A deep dwarf (Spider:5)
  6 ogres
  A giant goldfish (Spider:3)
  3 slaves (D:6)
  A jumping spider simulacrum (Spider:1)
  A spiny frog skeleton (Spider:1)
  The ghost of Messenger the Chopper, an average HOBe of Trog (D:4)
  An ice beast (D:9)
  4 wargs
  2 centaurs
  3 giant slugs
  3 boring beetles (Lair:8)
  3 rotting devils
  8 crocodiles
  6 giant frogs
  8 water moccasins
  3 agate snails
  4 killer bees (D:8)
  3 crimson imps
  A centaur zombie (D:8)
  2 big fish (Lair:8)
  A quasit (D:4)
  A yellow wasp zombie (Spider:1)
  4 iguanas
  13 orc priests
  5 hounds
  A water moccasin skeleton (Spider:1)
  29 orc wizards
  3 worker ants
  5 scorpions
  8 sheep (Lair:2)
  Ijyb (D:2)
  A spider zombie (Spider:1)
  Terence (D:3)
  13 adders
  A human (Spider:5)
  44 green rats
  A giant centipede (Lair:1)
  7 worms
  A grey rat (D:4)
  3 giant geckos
  148 orcs
  18 bats
  A bat skeleton (D:5)
  7 giant cockroaches
  16 goblins
  19 hobgoblins
  10 jackals
  An ooze (D:1)
  A giant gecko skeleton (D:5)
  2 giant newts
  A goblin skeleton (D:5)
  A kobold (D:2)
  16 rats
  3 fungi
  4 plants
670 creatures vanquished.

Vanquished Creatures (collateral kills)
  2 orb spiders (Spider:3)
  A jumping spider (Spider:3)
  2 redbacks (Spider:3)
5 creatures vanquished.

Vanquished Creatures (others)
  Norris (Spider:3)
  A jumping spider (Spider:5)
  A human (Spider:3)
  2 fungi (Lair:8)
5 creatures vanquished.

Grand Total: 680 creatures vanquished

Notes
Turn   | Place    | Note
--------------------------------------------------------------
     0 | D:1      | WrathOfTrog, the Hill Orc Berserker, began the quest for the Orb.
     0 | D:1      | Reached XP level 1. HP: 19/19 MP: 0/0
    47 | D:2      | Noticed Ijyb
    58 | D:2      | Killed Ijyb
    58 | D:2      | Reached XP level 2. HP: 23/26 MP: 1/1
   147 | D:2      | Reached XP level 3. HP: 17/33 MP: 2/2
   211 | D:2      | Reached skill level 5 in Axes
   299 | D:2      | Acquired Trog's second power
   366 | D:2      | Reached XP level 4. HP: 31/40 MP: 3/3
   581 | D:3      | Noticed Grinder
   599 | D:3      | Killed Grinder
   599 | D:3      | Reached skill level 5 in Fighting
   599 | D:3      | Reached skill level 7 in Axes
   599 | D:3      | Reached XP level 5. HP: 42/47 MP: 4/4
   599 | D:3      | Reached XP level 6. HP: 47/53 MP: 5/5
   654 | D:3      | Noticed Terence
   665 | D:3      | Killed Terence
   739 | D:5      | Entered Level 5 of the Dungeon
   796 | D:5      | Found a radiant altar of Vehumet.
   891 | D:5      | Reached XP level 7. HP: 60/60 MP: 6/6
   902 | D:5      | Reached skill level 8 in Axes
  1160 | D:4      | Noticed Eustachio
  1173 | D:4      | Noticed Messenger's ghost (average HOBe)
  1198 | D:4      | Killed Messenger's ghost
  1477 | D:5      | Found a staircase to the Ecumenical Temple.
  1548 | D:6      | Reached skill level 9 in Axes
  1587 | D:6      | Acquired Trog's third power
  1619 | D:6      | Found a deep blue altar of Sif Muna.
  1729 | D:6      | Reached XP level 8. HP: 69/69 MP: 7/7
  1732 | D:6      | Reached skill level 5 in Armour
  1774 | D:6      | Noticed Pikel
  1788 | D:6      | Killed Pikel
  1788 | D:6      | Reached skill level 10 in Axes
  1909 | D:8      | Found Yqaxisaufa's Book Emporium.
  1950 | D:8      | Reached skill level 11 in Axes
  2110 | D:8      | Reached XP level 9. HP: 77/77 MP: 8/8
  2230 | D:8      | Found a staircase to the Orcish Mines.
  2265 | Orc:1    | Entered Level 1 of the Orcish Mines
  2287 | Orc:1    | Reached skill level 12 in Axes
  2415 | Orc:1    | Received a gift from Trog
  2582 | Orc:1    | Noticed Messenger's ghost (experienced HOBe)
  2593 | Orc:1    | Killed Messenger's ghost
  2593 | Orc:1    | Reached skill level 13 in Axes
  2593 | Orc:1    | Reached XP level 10. HP: 81/86 MP: 9/9
  2817 | Orc:2    | Noticed Paper's ghost (experienced HOBe)
  2840 | Orc:2    | Killed Paper's ghost
  2840 | Orc:2    | Reached skill level 14 in Axes
  2932 | Orc:2    | Found a roughly hewn altar of Beogh.
  3038 | Orc:3    | Found Kugaomut's General Store.
  3087 | Orc:3    | Reached skill level 10 in Fighting
  3128 | Orc:3    | Received a gift from Trog
  3316 | Orc:3    | Bought a scroll of random uselessness for 17 gold pieces
  3316 | Orc:3    | Bought a potion of curing for 34 gold pieces
  3316 | Orc:3    | Bought a scroll of curse armour for 34 gold pieces
  3316 | Orc:3    | Bought a scroll of teleportation for 51 gold pieces
  3316 | Orc:3    | Bought a scroll of curse jewellery for 34 gold pieces
  3383 | Orc:4    | Entered Level 4 of the Orcish Mines
  3388 | Orc:4    | Noticed an orc knight
  3469 | Orc:3    | Killed an orc knight
  3469 | Orc:3    | Reached skill level 15 in Axes
  3469 | Orc:3    | Reached XP level 11. HP: 95/95 MP: 10/10
  3557 | Orc:4    | Noticed an orc sorcerer
  3559 | Orc:4    | Noticed an orc sorcerer
  3586 | Orc:4    | Killed an orc sorcerer
  3588 | Orc:4    | Killed an orc sorcerer
  3627 | Orc:4    | Noticed an orc high priest
  3711 | Orc:4    | Noticed an orc knight
  3713 | Orc:4    | Found Plog's Antique Weapon Shoppe.
  3722 | Orc:4    | Killed an orc knight
  3776 | Orc:4    | Found a bloodstained altar of Trog.
  3845 | Orc:4    | Received a gift from Trog
  3954 | Orc:4    | Found Evuemun's General Store.
  3966 | Orc:4    | Bought a scroll of identify for 24 gold pieces
  3966 | Orc:4    | Bought a scroll of teleportation for 36 gold pieces
  3966 | Orc:4    | Bought a scroll of curse weapon for 24 gold pieces
  3971 | Orc:4    | Noticed an orc high priest
  3977 | Orc:4    | Found Risypose's Book Shop.
  3977 | Orc:4    | Noticed an orc knight
  3977 | Orc:4    | Noticed an orc knight
  3977 | Orc:4    | Noticed an orc knight
  3984 | Orc:4    | Killed an orc high priest
  3984 | Orc:4    | Reached skill level 16 in Axes
  3986 | Orc:4    | Noticed an orc warlord
  3990 | Orc:4    | Killed an orc knight
  3995 | Orc:4    | Killed an orc knight
  4000 | Orc:4    | HP: 5/142 [orc knight/orcish battleaxe (14)]
  4007 | Orc:4    | Found a staircase to the Elven Halls.
  4019 | Elf:1    | Entered Level 1 of the Elven Halls
  4078 | Orc:4    | Noticed an ice devil
  4080 | Orc:4    | Killed an orc knight
  4080 | Orc:4    | Reached skill level 10 in Armour
  4085 | Orc:4    | Killed an orc high priest
  4093 | Orc:4    | Killed an ice devil
  4142 | Orc:4    | Killed an orc warlord
  4142 | Orc:4    | Reached skill level 17 in Axes
  4142 | Orc:4    | Reached XP level 12. HP: 104/104 MP: 3/11
  4277 | Orc:4    | Received a gift from Trog
  4415 | Orc:4    | Noticed an orc knight
  4416 | Orc:4    | Found Caarutut's Antique Armour Boutique.
  4429 | Orc:4    | Killed an orc knight
  4468 | Orc:4    | Bought a helmet for 60 gold pieces
  4468 | Orc:4    | Bought an elven cloak for 28 gold pieces
  4468 | Orc:4    | Bought a pair of boots for 36 gold pieces
  4512 | Orc:3    | Bought a bread ration for 68 gold pieces
  4512 | Orc:3    | Bought a bread ration for 68 gold pieces
  4640 | D:9      | Found Juut's Book Boutique.
  4672 | D:9      | Noticed Gastronok
  4697 | D:9      | Killed Gastronok
  4779 | D:9      | Found a staircase to the Lair.
  4796 | D:9      | Noticed a komodo dragon
  4796 | D:9      | Noticed a komodo dragon
  4803 | D:9      | Killed a komodo dragon
  4805 | D:9      | Killed a komodo dragon
  4816 | Lair:1   | Entered Level 1 of the Lair of Beasts
  4951 | Lair:2   | Noticed teukkam's ghost (powerful DrAK)
  4962 | Lair:2   | Received a gift from Trog
  4974 | Lair:2   | Killed teukkam's ghost
  4974 | Lair:2   | Reached skill level 18 in Axes
  5181 | Lair:5   | Noticed a four-headed hydra
  5195 | Lair:5   | Killed a four-headed hydra
  5234 | Lair:4   | Noticed Paper's ghost (experienced HOBe)
  5256 | Lair:4   | Killed Paper's ghost
  5305 | Lair:3   | Noticed Erica
  5314 | Lair:3   | Killed Erica
  5379 | Lair:5   | Received a gift from Trog
  5403 | Lair:5   | Got a scintillating platinum amulet
  5757 | Lair:5   | Reached XP level 13. HP: 89/113 MP: 12/12
  5873 | Lair:6   | Got a pitted leather armour
  5994 | Lair:7   | Identified the amulet of Klinnoem {Clar MR++} (You found it on level 5 of the Lair of Beasts)
  6026 | Lair:8   | Entered Level 8 of the Lair of Beasts
  6079 | Lair:8   | Found a blossoming altar of Fedhas.
  6125 | Lair:8   | Received a gift from Trog
  6154 | Lair:8   | Reached skill level 19 in Axes
  6554 | Lair:8   | Received a gift from Trog
  6597 | Lair:8   | Found a burning altar of Makhleb.
  6644 | Lair:8   | Reached skill level 20 in Axes
  6645 | Lair:8   | Found a gateway to Hell.
  6682 | Lair:8   | Noticed a dire elephant
  6695 | Lair:8   | Killed a dire elephant
  6946 | Lair:6   | Found a hole to the Spider Nest.
  6992 | Spider:1 | Entered Level 1 of the Spider Nest
  6992 | Spider:1 | Noticed Josephine
  7016 | Spider:1 | Killed Josephine
  7016 | Spider:1 | Reached XP level 14. HP: 124/124 MP: 4/13
  7077 | Spider:3 | Noticed Kirke
  7086 | Spider:3 | Killed Kirke
  7259 | Spider:3 | Identified a scroll of acquirement
  7266 | Spider:3 | Noticed Rupert
  7279 | Spider:3 | Killed Rupert
  7301 | Spider:3 | Noticed Norris
  7318 | Spider:3 | Killed Norris
  7318 | Spider:3 | Reached skill level 21 in Axes
  7379 | Spider:2 | Noticed Nessos
  7400 | Spider:2 | Killed Nessos
  7434 | Spider:1 | Noticed Roxanne
  7623 | Spider:3 | Noticed Agnes
  7823 | Spider:3 | Killed Agnes
  7915 | Spider:5 | Entered Level 5 of the Spider Nest
  7921 | Spider:4 | Received a gift from Trog
  8080 | Spider:4 | Reached skill level 15 in Fighting
  8299 | Spider:5 | Reached skill level 22 in Axes
  8320 | Spider:5 | Reached XP level 15. HP: 113/134 MP: 4/14
  8374 | Spider:5 | Noticed an emperor scorpion
  8395 | Spider:5 | Killed an emperor scorpion
  8552 | Spider:5 | Noticed a ghost moth
  8553 | Spider:5 | Noticed an emperor scorpion
  8555 | Spider:5 | Noticed a ghost moth
  8559 | Spider:5 | Noticed an emperor scorpion
  8560 | Spider:5 | Killed a ghost moth
  8563 | Spider:5 | Noticed an emperor scorpion
  8566 | Spider:5 | Noticed a ghost moth
  8568 | Spider:5 | Killed a ghost moth
  8574 | Spider:5 | Killed an emperor scorpion
  8576 | Spider:5 | Killed a ghost moth
  8581 | Spider:5 | HP: 3/135 [emperor scorpion (5)]
  8581 | Spider:5 | Mangled by an emperor scorpion

Action                   |  1- 3 |  4- 6 |  7- 9 | 10-12 | 13-15 || total
-------------------------+-------+-------+-------+-------+-------++-------
Melee: Hand axe          |    67 |   117 |   362 |       |       ||   546
       War axe           |       |       |    39 |   271 |       ||   310
       Broad axe         |       |       |       |   305 |   427 ||   732
       Whip              |       |       |       |     5 |       ||     5
       Executioner's axe |       |       |       |     4 |   180 ||   184
       Scimitar          |       |       |       |       |     4 ||     4
Invok: Berserk           |     1 |     3 |    10 |    19 |    15 ||    48
       Trog's Hand       |       |     1 |     7 |    15 |    22 ||    45
       Brothers in Arms  |       |       |       |     1 |     1 ||     2
       Burn Spellbooks   |       |       |       |       |     1 ||     1
 Abil: Evoke Flight      |       |       |       |       |     1 ||     1
Evoke: Wand              |       |       |       |     4 |    24 ||    28
  Use: Scroll            |       |       |     1 |    10 |     7 ||    18
       Potion            |       |       |       |     3 |     2 ||     5
 Stab: Paralysed         |       |       |       |       |     1 ||     1
